 Dungeon Crawl Stone Soup version 0.20.1-1-g8b1a95d (console) character file.

628 vuolankoinen the Sneak (level 7, -6/46 HPs)
             Began as an Octopode Wizard on Nov 20, 2017.
             Was an Initiate of Dithmenos.
             Killed from afar by a white imp (13 damage)
             ... with a puff of frost
             ... summoned by the player character
             ... on level 6 of the Dungeon.
             The game lasted 00:28:46 (6101 turns).

vuolankoinen the Sneak (Octopode Wizard)            Turns: 6101, Time: 00:28:49

Health: -6/46      AC:  1    Str:  6      XL:     7   Next: 48%
Magic:  3/13       EV: 12    Int: 24      God:    Dithmenos [......]
Gold:   268        SH:  3    Dex:  4 (11) Spells: 6/14 levels left

rFire    . . .     SeeInvis .   o - +1 dagger (drain)
rCold    . . .     Gourm    .   A - +0 buckler
rNeg     . . .     Faith    .   a - +0 hat
rPois    .         Spirit   .   (no amulet)
rElec    .         Reflect  .   f - +2 ring of intelligence
rCorr    .         Harm     .   (no ring)
MR       .....                  (no ring)
Stlth    +++.......             (no ring)
Regen    0.2/turn               (no ring)
MPRegen  0.2/turn               (no ring)
                                (no ring)
                                (no ring)

@: very slightly contaminated
A: almost no armour, stealthy swim, amphibious, 8 rings, constrict 8, camouflage
1, gelatinous body 1
a: Renounce Religion


You were on level 6 of the Dungeon.
You worshipped Dithmenos.
Dithmenos was noncommittal.
You were near starving.

You visited 2 branches of the dungeon, and saw 7 of its levels.

You collected 367 gold pieces.
You spent 99 gold pieces at shops.

Inventory:

Hand Weapons
 i - a +0 dagger
 o - a +1 dagger of draining (weapon)
Armour
 a - a +0 hat (worn)
 A - a +0 buckler (worn)
Jewellery
 f - a +2 ring of intelligence (left tentacle)
Wands
 w - a wand of confusion (14/48)
Scrolls
 d - a scroll of fear {unknown}
 e - 7 scrolls of identify {unknown}
 g - 2 scrolls of immolation {unknown}
 m - 3 scrolls of remove curse
 r - 4 scrolls of teleportation
 t - 2 scrolls of magic mapping {unknown}
 x - 2 scrolls of noise
 y - a scroll of amnesia {unknown}
 B - a scroll of fog
Potions
 h - 3 potions of agility {unknown}
 k - 2 potions of haste {unknown}
 l - a potion of lignification {unknown}
 n - a potion of degeneration {unknown}
 p - a potion of flight {unknown}
 q - 2 potions of ambrosia {unknown}
 s - a potion of heal wounds {unknown}
 z - a potion of might {unknown}
 D - a potion of resistance {unknown}
Books
 b - a book of Minor Magic

   Spells                             Type                      Level
   a - Magic Dart                     Conjuration                  1
   b - Blink                          Translocation                2
   c - Call Imp                       Summoning                    2
   d - Slow                           Hexes                        2
   e - Conjure Flame                  Conjuration/Fire             3
   f - Mephitic Cloud                 Conjuration/Poison/Air       3
Comestibles
 c - 4 bread rations
 j - a royal jelly
 u - 5 fruits
 v - 3 meat rations


   Skills:
 * Level 3.2 Fighting
 + Level 2.7 Short Blades
 + Level 3.1 Dodging
 + Level 5.6 Stealth
 * Level 1.7 Shields
 + Level 4.1 Spellcasting
 + Level 2.2 Conjurations
 + Level 1.1 Summonings
 + Level 1.0 Translocations
 + Level 0.6 Air Magic
 + Level 0.5 Poison Magic


You had 6 spell levels left.
You knew the following spells:

 Your Spells              Type           Power        Failure   Level  Hunger
a - Magic Dart            Conj           ###.         4%          1    None
b - Blink                 Tloc           N/A          13%         2    None
c - Call Imp              Summ           ##......     12%         2    None
d - Mephitic Cloud        Conj/Pois/Air  ##......     24%         3    ##.....


Dungeon Overview and Level Annotations

Branches:
Dungeon (6/15)             Temple (1/1) D:5

Altars:
Ashenzari
Cheibriados
Dithmenos
Elyvilon
Fedhas
Gozag
Hepliaklqana
Kikubaaqudgha
Makhleb
Nemelex Xobeh
Okawaru
Qazlal
Ru
Sif Muna
Trog
Uskayaw
Vehumet
Xom
Yredelemnul
Zin
The Shining One

Shops:
D:5 ?

Annotations:
D:4 Sigmund


Innate Abilities, Weirdness & Mutations

You cannot wear most types of armour.
You are very stealthy in the water. (Stealth+)
You are amphibious.
You can wear up to eight rings at the same time.
You can use your tentacles to constrict eight enemies at once.
Your skin changes colour to match your surroundings (Stealth+).
Your rubbery body absorbs attacks. (AC +1, EV +1)


Message History

Aim: a quasit (almost dead)
The magic dart hits the quasit.
The quasit is almost dead.
The quasit misses you. The quasit barely misses you. x2
Your white imp closely misses the quasit.
The quasit misses you. The quasit claws you.
* * * LOW HITPOINT WARNING * * *
The quasit barely misses you.
Casting: Magic Dart
Confirm with . or Enter, or press ? or * to list all spells.
Aiming: Magic Dart
Press: ? - help, Shift-Dir - straight line, f/p - quasit
Aim: a quasit (almost dead)
The magic dart hits the quasit.
The quasit is almost dead.
You block the quasit's attack. The quasit closely misses you.
The quasit claws you but does no damage.
Your white imp gestures at the quasit.
The puff of frost misses the quasit.
The puff of frost hits you!
You die...

#. ############# ##.
#...........# #..
#...........# #..
#...........# #..
#...........# #..
#...........# #..
#...........#####..
#.@55..............
#.............###...
....#........####
##..
#..#####.....### ##.
.. ####### ## . #


You could see a quasit and a friendly white imp.

Vanquished Creatures
  2 phantoms
  A hound (D:4)
  2 jellies (D:5)
  2 bullfrog skeletons
  An orc wizard (D:3)
  4 worker ants
  The ghost of dscm the Magician, a weakling DEWz (D:3)
  A hound skeleton (D:5)
  Robin (D:3)
  6 adders
  An ooze (D:2)
  2 worms
  3 dart slugs
  4 leopard geckos
  7 orcs
  11 bats
  4 giant cockroaches
  11 goblins
  13 hobgoblins
  An iguana (D:5)
  7 jackals
  4 kobolds (D:2)
  5 quokkas
  2 frilled lizards (D:1)
  A jackal zombie (D:5)
  2 leopard gecko skeletons
  2 leopard gecko zombies
  8 rats
109 creatures vanquished.

Notes
Turn   | Place    | Note
-------+----------+-------------------------------------------
     0 | D:1      | vuolankoinen the Octopode Wizard began the quest for the Orb.
     0 | D:1      | Reached XP level 1. HP: 11/11 MP: 4/4
   418 | D:1      | Reached XP level 2. HP: 17/18 MP: 6/6
   794 | D:1      | Reached skill level 3 in Stealth
  1075 | D:2      | Reached XP level 3. HP: 22/22 MP: 7/7
  1387 | D:2      | Reached skill level 1 in Fighting
  2058 | D:2      | Reached skill level 4 in Stealth
  2058 | D:2      | Reached XP level 4. HP: 28/28 MP: 9/9
  2405 | D:3      | Reached skill level 1 in Short Blades
  2441 | D:3      | Found a faded altar of an unknown god.
  2505 | D:3      | Noticed dscm's ghost (weakling DEWz)
  2531 | D:3      | Learned a level 2 spell: Blink
  2534 | D:3      | Learned a level 2 spell: Call Imp
  2538 | D:3      | Learned a level 3 spell: Mephitic Cloud
  2673 | D:3      | Noticed Robin
  2678 | D:3      | Killed Robin
  2678 | D:3      | Reached XP level 5. HP: 28/33 MP: 6/10
  2841 | D:3      | Killed dscm's ghost
  3571 | D:4      | Reached XP level 6. HP: 23/39 MP: 11/11
  3884 | D:4      | Noticed Sigmund
  3977 | D:4      | Noticed a phantom
  3996 | D:4      | Killed a phantom
  3996 | D:4      | Reached skill level 5 in Stealth
  4212 | D:5      | Entered Level 5 of the Dungeon
  4397 | D:5      | Reached skill level 1 in Shields
  4401 | D:5      | Found Viton's Magic Scroll Shoppe.
  4408 | D:5      | Bought a scroll of teleportation for 33 gold pieces
  4408 | D:5      | Bought a scroll of fog for 22 gold pieces
  4408 | D:5      | Bought a scroll of remove curse for 33 gold pieces
  4408 | D:5      | Bought a scroll of noise for 11 gold pieces
  4556 | D:5      | Reached XP level 7. HP: 46/46 MP: 13/13
  4618 | D:5      | Found a staircase to the Ecumenical Temple.
  4623 | Temple   | Entered the Ecumenical Temple
  4793 | Temple   | Became a worshipper of Dithmenos the Shadowed
  4903 | D:5      | Found a shimmering altar of Xom.
  6101 | D:6      | Killed from afar by a white imp

Skill      XL: |  1  2  3  4  5  6  7 |
---------------+----------------------+-----
Stealth        | 3 4 5 |  5.6
Fighting       | 1 2 3 |  3.2
Short Blades   | 1 2 |  2.7
Spellcasting   | 4 |  4.1
Shields        | 1 |  1.7
Dodging        | 3 |  3.1
Conjurations   | 2 |  2.2
Summonings     | |  1.1
Translocations | |  1.0
Air Magic      | |  0.6
Poison Magic   | |  0.5

Action                   |  1- 3 |  4- 6 |  7- 9 || total
-------------------------+-------+-------+-------++-------
Melee: Unarmed           |    20 |       |       ||    20
       Constrict         |    25 |    33 |     6 ||    64
       Tentacles         |    11 |    20 |     5 ||    36
       Dagger            |    73 |   150 |    84 ||   307
 Cast: Magic Dart        |     8 |    34 |    26 ||    68
       Mephitic Cloud    |       |     5 |       ||     5
       Call Imp          |       |       |     6 ||     6
       Blink             |       |       |     2 ||     2
 Stab: Sleeping          |    12 |    19 |       ||    31
       Confused          |       |     1 |       ||     1
       Distracted        |       |       |     2 ||     2
  Eat: Chunk             |     3 |     8 |     4 ||    15
Armor: Skin              |     3 |     4 |    10 ||    17
Dodge: Dodged            |    60 |    65 |    51 ||   176
Block: Buckler           |       |     1 |    11 ||    12
